 Dungeon Crawl Stone Soup version 0.30-a0-802-gb92711bcdf (webtiles) character file.

Game seed: 12632924802580760358

267 IdlyInterested the Ducker (level 6, -1/39 HPs)
             Began as an Octopode Gladiator on Feb 24, 2023.
             Slain by a gnoll
             ... wielding a +0 spear
              (2 damage)
             ... on level 4 of the Dungeon.
             The game lasted 00:06:55 (2059 turns).

IdlyInterested the Ducker (Octopode Gladiator)      Turns: 2059, Time: 00:06:56

Health: -1/39      AC:  5    Str: 14    XL:     6   Next: 21%
Magic:  15/15      EV: 15    Int: 16    God:
Gold:   93         SH:  0    Dex: 15    Spells: 5/5 levels left

rFire   . . .      SeeInvis .    x - +2 falchion (drain)
rCold   . . .      Faith    .    (no shield)
rNeg    . . .      Spirit   .    b - +0 hat
rPois   .          Reflect  .    j - amulet of regeneration
rElec   .          Harm     .    r - +4 ring of protection
rCorr   .          Rampage  .    A - +6 ring of intelligence
Will    .....                    B - ring of magical power
Stlth   +++                      (no ring)
HPRegen 1.06/turn                (no ring)
MPRegen 0.14/turn                (no ring)
                                 (no ring)
                                 (no ring)

@: lethally poisoned (-1 -> -1)
A: almost no armour, amphibious, 8 rings, camouflage 1, gelatinous body 1,
(nimble swimmer 1), tentacles
a: no special abilities


You were on level 4 of the Dungeon.
You visited 1 branch of the dungeon, and saw 4 of its levels.

You collected 93 gold pieces.

Inventory:

Hand Weapons
 a - a +0 long sword
 n - a +0 dagger of venom
 s - a +0 long sword
 x - a +2 falchion of draining (weapon)
Missiles
 c - 3 throwing nets
 d - a javelin
 m - 13 stones (quivered)
 y - 2 boomerangs
Armour
 b - a +0 hat (worn)
Jewellery
 j - an amulet of regeneration (around mantle)
 r - a +4 ring of protection (left tentacle)
 A - a +6 ring of intelligence (right tentacle)
 B - a ring of magical power (on tentacle)
Scrolls
 t - a scroll of teleportation
Potions
 e - a potion of mutation
 f - a potion of attraction {unknown}
 g - a potion of lignification {unknown}
 h - 2 potions of curing {unknown}
 i - 2 potions of haste {unknown}
 k - a potion of ambrosia {unknown}
 l - a potion of flight {unknown}
 o - a potion of heal wounds {unknown}
 p - a potion of cancellation {unknown}
 q - a potion of resistance {unknown}
 u - 3 potions of might {unknown}
 v - a potion of berserk rage {unknown}
 w - a potion of degeneration {unknown}
 z - a potion of invisibility {unknown}


   Skills:
 + Level 2.2 Fighting
 + Level 4.2 Long Blades
 - Level 2.0 Throwing
 * Level 5.2 Dodging
 - Level 1.0 Stealth
 - Level 2.0 Shields
 - Level 1.0 Evocations


You had 5 spell levels left.
You didn't know any spells.
Your spell library contained the following spells:

 Spells                   Type           Power      Damage    Failure   Level
 Blink                    Tloc           0%         N/A       36%         2
 Lesser Beckoning         Tloc           0%         N/A       36%         2
 Momentum Strike          Conj/Tloc      0%         3d8       36%         2


Dungeon Overview and Level Annotations

Branches:
Dungeon (4/15)
 Temple: D:4-7

Altars:
Cheibriados
Zin


Innate Abilities, Weirdness & Mutations

You cannot wear most types of armour.
You are amphibious.
You can wear up to eight rings at the same time.
Your skin changes colour to match your surroundings (Stealth+).
Your rubbery body absorbs attacks. (AC +1, EV +1)
((You are camouflaged when in or above water. (Stealth+)))
You have tentacles for arms and can constrict up to eight enemies at once.


Message History

There is a stone staircase leading up here.
You barely miss the gnoll. Your grab misses the gnoll. You squeeze the gnoll.
The gnoll is moderately wounded.
The gnoll misses you. The gnoll completely misses you. The scorpion misses you.
You barely miss the scorpion. You grab the scorpion.
You constrict the scorpion.
A goblin comes into view. It is wielding a +0 club.
The scorpion stings you but does no damage.
The gnoll barely misses you. The gnoll misses you.
The gnoll hits you with a +0 flail! The gnoll hits you with a +0 whip. x2
The gnoll closely misses you. The gnoll barely misses you.
The gnoll hits you with a +0 club. The scorpion closely misses you.
The goblin moves out of view.
You barely miss the scorpion.
The scorpion is lightly wounded.
You constrict the scorpion. The scorpion stings you.
You are poisoned.
The scorpion poisons you! The gnoll completely misses you. x2
The gnoll misses you.
You hit the scorpion.
The scorpion is moderately wounded.
You constrict the scorpion.
You feel very sick. The scorpion closely misses you. The gnoll misses you.
The gnoll hits you but does no damage. The gnoll misses you.
The gnoll closely misses you.
You slash the scorpion! Your squeeze misses the scorpion.
The scorpion is almost dead.
You constrict the scorpion.
You feel sick. The scorpion stings you!
* * * LOW HITPOINT WARNING * * *
The gnoll hits you from afar with a +0 spear.
* * * LOW HITPOINT WARNING * * *
The gnoll completely misses you. The gnoll misses you.
The gnoll closely misses you.
You hit the scorpion.
You kill the scorpion!
* * * LOW HITPOINT WARNING * * *
You feel sick.
The gnoll hits you from afar with a +0 spear.
You die...

# ##.
#..
#..####
#.....
##..gg#
#..g.@#
#...gg#
#.....#
#$.####
#.. #.
#


You could see 4 gnolls and a goblin.

Vanquished Creatures
  A scorpion (D:4)
  A jelly (D:3)
  Crazy Yiuf (D:3)
  Natasha (thrice) (D:3)
  An orc wizard (D:3)
  Robin (D:3)
  2 adders
  A worm (D:3)
  3 dart slugs
  4 orcs (D:3)
  4 ball pythons
  5 endoplasms
  A giant cockroach (D:2)
  12 goblins
  8 hobgoblins
  4 kobolds
  2 quokkas
  5 bats
  3 frilled lizards
  8 rats
70 creatures vanquished.

Notes
Turn   | Place    | Note
-------+----------+-------------------------------------------
     0 | D:1      | IdlyInterested the Octopode Gladiator began the quest for
                  | the Orb.
     0 | D:1      | Reached XP level 1. HP: 14/14 MP: 1/1
    51 | D:1      | Found a faded altar of an unknown god.
   109 | D:1      | Reached skill level 1 in Stealth
   109 | D:1      | Reached XP level 2. HP: 19/19 MP: 2/2
   305 | D:1      | Reached skill level 1 in Evocations
   307 | D:1      | Reached XP level 3. HP: 20/24 MP: 3/3
   384 | D:1      | You fall into a shaft and drop 1 floor!
  1338 | D:3      | Noticed Robin
  1351 | D:3      | Reached skill level 4 in Dodging
  1351 | D:3      | Reached XP level 4. HP: 29/29 MP: 4/4
  1371 | D:3      | Reached skill level 1 in Shields
  1374 | D:3      | Killed Robin
  1394 | D:3      | Noticed Natasha
  1401 | D:3      | Found a snail-covered altar of Cheibriados.
  1407 | D:3      | Killed Natasha
  1412 | D:3      | Reached XP level 5. HP: 34/34 MP: 5/5
  1415 | D:3      | Noticed Natasha
  1429 | D:3      | Killed Natasha
  1625 | D:3      | Noticed Natasha
  1639 | D:3      | Killed Natasha
  1720 | D:3      | Reached skill level 5 in Dodging
  1729 | D:3      | Found a glowing silver altar of Zin.
  1732 | D:3      | Reached XP level 6. HP: 38/39 MP: 6/6
  1867 | D:3      | Found a runed translucent door.
  1868 | D:3      | Noticed Crazy Yiuf
  1988 | D:3      | Killed Crazy Yiuf
  2059 | D:4      | HP: 1/39 [poisoned by a scorpion]
  2059 | D:4      | Slain by a gnoll

Illustrated notes

Levels and vault maps discovered:
D:1:      minmay_arrival_four_houses, layout_basic,
          shapermc_ecumenical_altar_mp_ritualfount
D:2:      layout_loops_ring, kennysheep_nub, dk_vineyard_1,
          kennysheep_flooded_box
D:3:      layout_rooms, mainiacjoe_overflow_small_starburst,
          mainiacjoe_overflow_catwalk, uniq_natasha, uniq_robin,
          uniq_crazy_yiuf_cottage
D:4:      layout_basic, general_overflow_altar, lemuel_crystal_altar,
          nicolae_ashenzari_skybound, nicolae_wu_jian_wuxing_cycle,
          minmay_temple_entry_mist, hangedman_decor_push, uniq_duvessa,
          uniq_pikel, uniq_grinder

Skill      XL: |  1  2  3  4  5 |
---------------+----------------+-----
Stealth        | 1 |  1.0
Evocations     | 1 |  1.0
Dodging        | 4 5 |  5.2
Shields        | 1 2 |  2.0
Long Blades    | 4 |  4.2
Fighting       | |  2.2
Throwing       | |  2.0

Action                     |  1- 3 |  4- 6 || total
---------------------------+-------+-------++-------
  Melee: Long sword        |    59 |    56 ||   115
         Constrict         |    15 |    23 ||    38
         Tentacles         |     7 |    18 ||    25
         Falchion          |       |    16 ||    16
  Throw: Stone             |       |     2 ||     2
    Use: Scroll            |     2 |     3 ||     5
   Stab: Sleeping          |     7 |     1 ||     8
 Armour: Skin              |     8 |    29 ||    37
  Dodge: Dodged            |    41 |    82 ||   123

Table legend: (Time is in decaauts)
 A = Elapsed time spent in this place.
 B = Non-inter-level travel time spent in this place.
 C = Inter-level travel time spent in this place.
 D = Time resting spent in this place.
 E = Time spent auto-exploring this place.
 F = Levels seen in this place.
 G = Mean time per level.
                   A        B        C        D        E       F      G
               +--------+--------+--------+--------+--------+-----+--------+
         Total |   2089 |   1897 |    192 |     68 |   1210 |   4 |  522.2 |
       Dungeon |   2089 |   1897 |    192 |     68 |   1210 |   4 |  522.2 |
               +--------+--------+--------+--------+--------+-----+--------+

Top non-repeatable levels by time:
     D:1: 714 daAuts
     D:3: 695 daAuts
     D:2: 670 daAuts
     D:4: 8 daAuts
